 Dungeon Crawl Stone Soup version 0.29-a0-919-gd064cfad1c (webtiles) character file.

Game seed: 10977499174225987053

61 quixfox the Digger (level 4, 0/24 HPs)
             Began as a Gargoyle Earth Elementalist on July 27, 2022.
             Slain by a ball python (2 damage)
             ... on level 2 of the Dungeon.
             The game lasted 00:01:53 (1017 turns).

quixfox the Digger (Gargoyle Earth Elementalist)    Turns: 1017, Time: 00:01:54

Health: 0/24       AC:  5    Str: 12    XL:     4   Next: 7%
Magic:  4/8        EV: 11    Int: 17    God:
Gold:   36         SH:  0    Dex: 10    Spells: 2/8 levels left

rFire   . . .      SeeInvis .   c - +0 whip
rCold   . . .      Faith    .   (no shield)
rNeg    + . .      Spirit   .   a - +0 robe
rPois   ∞          Reflect  .   (no helmet)
rElec   +          Harm     .   (no cloak)
rCorr   .          Rampage  .   (no gloves)
Will    .....                   (no boots)
Stlth   ++........              (no amulet)
HPRegen 0.08/turn               j - ring of flight
MPRegen 0.11/turn               (no ring)

@: flying
A: sickness immunity, AC +3, negative energy resistance 1, electricity
resistance, torment resistance 1, petrification resistance
a: no special abilities


You were on level 2 of the Dungeon.
You visited 1 branch of the dungeon, and saw 2 of its levels.

You collected 36 gold pieces.

Inventory:

Hand Weapons
 c - a +0 whip (weapon)
Armour
 a - a +0 robe (worn)
Jewellery
 j - a ring of flight (left hand)
Scrolls
 d - a scroll of fog {unknown}
 e - a scroll of enchant weapon {unknown}
 f - 2 scrolls of identify {unknown}
 g - 2 scrolls of enchant armour {unknown}
 h - a scroll of poison {unknown}
 i - a scroll of noise {unknown}
Potions
 b - 2 potions of magic


   Skills:
 - Level 1.5 Dodging
 - Level 2.1 Stealth
 + Level 2.9 Spellcasting
 + Level 1.1 Conjurations
 - Level 0.7 Transmutations
 + Level 4.7 Earth Magic


You had 2 spell levels left.
You knew the following spells:

 Your Spells              Type           Power      Damage    Failure   Level
a - Sandblast             Erth           36%        2d10      2%          1
b - Passwall              Tmut/Erth      9%         N/A       9%          2
c - Stone Arrow           Conj/Erth      24%        3d8       16%         3

Your spell library contained the following spells:

 Spells                   Type           Power      Damage    Failure   Level
 Petrify                  Tmut/Erth      11%        N/A       50%         4
 Cause Fear               Hex            1%         N/A       87%         4
 Dragon Form              Tmut           2%         N/A       100%        7
 Dragon's Call            Summ           1%         N/A       100%        9


Dungeon Overview and Level Annotations

Branches:
Dungeon (2/15)

Altars:


Innate Abilities, Weirdness & Mutations

You are immune to sickness and miasma.
Your stone body is resilient. (AC +3)
You are immune to poison.
You resist negative energy. (rN+)
You are resistant to electric shocks. (rElec)
You are resistant to unholy torment.
You are immune to petrification.


Message History

a +0 sling; a +0 club
Found 4 poisoned darts.
A gnoll comes into view. It is wielding a +0 flail.
The gnoll shouts!
A gnoll comes into view. It is wielding a +0 spear.
The gnoll moves out of view.
A gnoll comes into view. It is wielding a +0 halberd.
The gnoll shouts!
The blast of sand hits the gnoll!
The gnoll is heavily wounded.
A ball python comes into view.
The blast of sand hits the gnoll!
You kill the gnoll!
The ball python hisses angrily.
Your Conjurations skill increases to level 1!
The blast of sand hits the gnoll!
The gnoll is severely wounded.
The gnoll shouts!
The gnoll hits you from afar with a +0 halberd!
Ouch! That really hurt!
The gnoll hits you from afar with a +0 halberd.
* * * LOW HITPOINT WARNING * * *
You are too injured to fight recklessly!
Aiming: Sandblast (safe; 2% risk of failure)
Press: ? - help, Q - select action, (/) - cycle Shift-Dir - straight line, f/p - gnoll
Aim: a gnoll, wielding a +0 halberd (severely wounded, 84% to hit)
The blast of sand hits the gnoll!
You kill the gnoll!
The ball python bites you but does no damage.
The ball python barely misses you. The ball python closely misses you.
The ball python barely misses you.
You have reached level 4!
You feel stronger. The ball python closely misses you.
The ball python grabs you. The ball python constricts you.
* * * LOW HITPOINT WARNING * * *
You escape the ball python's grasp.
The ball python attacks as you move away!
The ball python bites you.
You die...

#.. .. .. .# #) )# #.#.#
#...# ################..#
(............###..#
########..##.S.g..#
###...#@####.# #.......###
... #..##.....# #..# #.#
####...#..##.# ..# #.#
#..........#.# #.# #.#
##...##)......## #.. #.#
#......#)###.....##..## #.#
#....†.....#..##..#...# #.#
....##.....#...#....#.#####.#


You could see a gnoll and a ball python.

Vanquished Creatures
  2 gnolls (D:2)
  3 dart slugs
  A ball python (D:1)
  A bat (D:1)
  An endoplasm (D:1)
  2 giant cockroaches (D:2)
  7 goblins
  3 hobgoblins (D:1)
  2 jackals (D:1)
  3 quokkas
  3 frilled lizards (D:1)
  4 kobolds
  A rat (D:2)
33 creatures vanquished.

Notes
Turn   | Place    | Note
-------+----------+-------------------------------------------
     0 | D:1      | quixfox the Gargoyle Earth Elementalist began the quest for
                  | the Orb.
     0 | D:1      | Reached XP level 1. HP: 10/10 MP: 3/3
   129 | D:1      | Reached XP level 2. HP: 15/15 MP: 1/5
   130 | D:1      | Reached skill level 4 in Earth Magic
   516 | D:1      | Reached XP level 3. HP: 19/19 MP: 4/6
   519 | D:1      | Learned a level 2 spell: Passwall
   523 | D:1      | Learned a level 3 spell: Stone Arrow
   575 | D:1      | Found a faded altar of an unknown god.
  1009 | D:2      | Reached skill level 1 in Conjurations
  1011 | D:2      | Reached XP level 4. HP: 2/24 MP: 3/8
  1017 | D:2      | Slain by a ball python

Illustrated notes

Levels and vault maps discovered:
D:1:      saegor_arrival_simple_b, layout_rooms,
          shapermc_ecumenical_altar_notcrosses, kennysheep_crisscross
D:2:      layout_basic, basic_altar, hangedman_decor_points

Skill      XL: |  1  2  3 |
---------------+----------+-----
Earth Magic    | 4 |  4.7
Conjurations   | 1 |  1.1
Dodging        | |  1.5
Stealth        | |  2.1
Spellcasting   | |  2.9
Transmutations | |  0.7

Action                   |  1- 3 |  4- 6 || total
-------------------------+-------+-------++-------
 Cast: Sandblast         |    45 |       ||    45
Armor: Robe              |     6 |       ||     6
Dodge: Dodged            |    14 |     1 ||    15

Table legend: (Time is in decaauts)
 A = Elapsed time spent in this place.
 B = Non-inter-level travel time spent in this place.
 C = Inter-level travel time spent in this place.
 D = Time resting spent in this place.
 E = Time spent auto-exploring this place.
 F = Levels seen in this place.
 G = Mean time per level.
                   A        B        C        D        E       F      G
               +--------+--------+--------+--------+--------+-----+--------+
         Total |   1060 |   1050 |     10 |     21 |    855 |   2 |  530.0 |
       Dungeon |   1060 |   1050 |     10 |     21 |    855 |   2 |  530.0 |
               +--------+--------+--------+--------+--------+-----+--------+

Top non-repeatable levels by time:
     D:1: 783 daAuts
     D:2: 277 daAuts
